General information
			
			
        
        - name: BNet
 
        - type: Ladder team game (AT/RT)
 
        - host: Battle.net
 
        - saver: dogsandhorse.ru
 
        
map: SunrockCove 
        - players: 6
 
        - length: 15:07
 
        - speed: Fast
 - version: 1.22 W3XP
 - replay type:  

 
» download(80 KB)
Players
        team 1 (loser) 
              
              
Grimmjow_ (
red | 34 APM | 519 actions | 15:05)
              
 2 Lich 
 1 Frost Nova
 1 Dark Ritual
 
                » actions 
                
                | Basic commands | 2 |  | 
| Build / train | 37 |  | 
| Enter build submenu | 16 |  | 
| Enter hero's abilities submenu | 2 |  | 
| Right click | 293 |  | 
| Select / deselect | 157 |  | 
| Use ability | 12 |  | 
                519 total
 » units 
                
                | Acolyte | 4 |  | 
| Ghoul | 7 |  | 
| Crypt Fiend | 4 |  | 
| Gargoyle | 8 |  | 
                23 total
 » upgrades
                
                | Unholy Strength | 1 |  | 
| Creature Attack | 1 |  | 
| Unholy Armor | 1 |  | 
| Creature Carapace | 2 |  | 
| Web | 1 |  | 
                6 total
 » buildings
                
                | Ziggurat | 3 |  | 
| Altar of Darkness | 1 |  | 
| Graveyard | 1 |  | 
| Tomb of Relics | 1 |  | 
| Spirit Tower | 3 |  | 
| Crypt | 1 |  | 
| Halls of the Dead | 1 |  | 
| Temple of the Damned | 1 |  | 
                12 total
 » build order
                00:18 Ziggurat
00:26 Ziggurat
01:29 Altar of Darkness
03:04 Graveyard
04:39 Tomb of Relics
04:52 Spirit Tower
04:54 Spirit Tower
05:08 Crypt
06:51 Ziggurat
08:22 Spirit Tower
09:53 Halls of the Dead
12:33 Temple of the Damned
» items
                 
               
              
              
venom_ (
pink | 16 APM | 246 actions | 15:05)
              
 1 Lich 
 1 Frost Nova
 
                » actions 
                
                | Build / train | 11 |  | 
| Enter build submenu | 5 |  | 
| Enter hero's abilities submenu | 1 |  | 
| Right click | 127 |  | 
| Select / deselect | 97 |  | 
| Use ability | 5 |  | 
                246 total
 » units 
                » buildings
                
                | Altar of Darkness | 1 |  | 
| Ziggurat | 1 |  | 
| Crypt | 2 |  | 
| Nerubian Tower | 1 |  | 
                5 total
 » build order
                00:08 Altar of Darkness
00:11 Ziggurat
01:49 Crypt
01:58 Crypt
02:46 Nerubian Tower
 
               
              
              
xxmasters91xx (
orange | 32 APM | 479 actions | 15:05)
              
 2 Death Knight 
 1 Death Coil
 1 Death Pact
 
                » actions 
                
                | Build / train | 36 |  | 
| Enter build submenu | 19 |  | 
| Enter hero's abilities submenu | 2 |  | 
| Right click | 262 |  | 
| Select / deselect | 138 |  | 
| Use ability | 22 |  | 
                479 total
 » units 
                » upgrades
                » buildings
                
                | Crypt | 2 |  | 
| Altar of Darkness | 3 |  | 
| Ziggurat | 5 |  | 
| Graveyard | 1 |  | 
| Spirit Tower | 1 |  | 
| Nerubian Tower | 2 |  | 
                14 total
 » build order
                00:27 Crypt
00:45 Altar of Darkness
01:02 Ziggurat
02:13 Ziggurat
03:03 Ziggurat
04:12 Graveyard
05:37 Spirit Tower
08:44 Ziggurat
08:58 Ziggurat
09:39 Altar of Darkness
10:03 Nerubian Tower
10:06 Nerubian Tower
10:20 Altar of Darkness
11:44 Crypt
 
               team 2 (winner) 
              
              
dogsandhorse.ru (
green | 83 APM | 1261 actions | 15:07)
              
 3 Archmage 
 2 Summon Water Elemental
 1 Brilliance Aura
 2 Mountain King 
 1 Storm Bolt
 1 Bash
 
                » actions 
                
                | Assign group hotkey | 18 |  | 
| Basic commands | 13 |  | 
| Build / train | 46 |  | 
| Enter build submenu | 25 |  | 
| Enter hero's abilities submenu | 6 |  | 
| Give item / drop item | 1 |  | 
| Remove unit from queue | 3 |  | 
| Right click | 688 |  | 
| Select / deselect | 204 |  | 
| Select group hotkey | 214 |  | 
| Use ability | 43 |  | 
                1261 total
 » units 
                » upgrades
                » buildings
                
                | Altar of Kings | 1 |  | 
| Farm | 6 |  | 
| Lumber Mill | 2 |  | 
| Scout Tower | 6 |  | 
| Guard Tower | 4 |  | 
| Keep | 1 |  | 
| Arcane Tower | 1 |  | 
| Blacksmith | 1 |  | 
| Workshop | 3 |  | 
| Arcane Vault | 2 |  | 
                27 total
 » build order
                00:06 Altar of Kings
00:08 Farm
01:10 Farm
01:32 Lumber Mill
03:44 Scout Tower
03:45 Scout Tower
04:19 Lumber Mill
04:30 Farm
05:46 Guard Tower
05:48 Keep
05:49 Scout Tower
05:50 Scout Tower
05:50 Scout Tower
06:20 Arcane Tower
07:11 Guard Tower
07:15 Guard Tower
07:28 Scout Tower
07:49 Farm
07:53 Blacksmith
08:55 Guard Tower
09:20 Workshop
09:22 Arcane Vault
09:26 Workshop
09:27 Workshop
10:05 Farm
10:43 Farm
11:07 Arcane Vault
» items
                 
               
              
              
piano (
purple | 63 APM | 954 actions | 15:05)
              
 3 Archmage 
 2 Summon Water Elemental
 1 Brilliance Aura
 
                » actions 
                
                | Basic commands | 149 |  | 
| Build / train | 62 |  | 
| ESC pressed | 1 |  | 
| Enter build submenu | 31 |  | 
| Enter hero's abilities submenu | 3 |  | 
| Right click | 326 |  | 
| Select / deselect | 334 |  | 
| Use ability | 48 |  | 
                954 total
 » units 
                » upgrades
                » buildings
                
                | Altar of Kings | 1 |  | 
| Farm | 7 |  | 
| Scout Tower | 21 |  | 
| Lumber Mill | 1 |  | 
| Guard Tower | 8 |  | 
| Blacksmith | 1 |  | 
                39 total
 » build order
                00:05 Altar of Kings
00:09 Farm
01:15 Farm
03:09 Scout Tower
03:11 Scout Tower
03:24 Lumber Mill
03:56 Farm
04:20 Farm
04:51 Scout Tower
05:28 Guard Tower
05:33 Scout Tower
06:02 Scout Tower
06:14 Guard Tower
06:31 Scout Tower
06:42 Guard Tower
06:44 Scout Tower
06:49 Scout Tower
07:06 Guard Tower
07:09 Scout Tower
07:19 Guard Tower
07:21 Scout Tower
07:50 Guard Tower
08:44 Farm
09:23 Farm
09:50 Farm
09:54 Blacksmith
13:26 Scout Tower
13:27 Scout Tower
13:29 Scout Tower
13:31 Scout Tower
13:34 Scout Tower
13:38 Scout Tower
14:05 Guard Tower
14:15 Guard Tower
14:17 Scout Tower
14:19 Scout Tower
14:25 Scout Tower
14:29 Scout Tower
14:31 Scout Tower
» items
                 
               
              
              
Prof.Gildenberg (
teal | 60 APM | 912 actions | 15:05)
              
 3 Keeper of the Grove 
 2 Entangling Roots
 1 Thorns Aura
 
                » actions 
                
                | Assign group hotkey | 12 |  | 
| Basic commands | 23 |  | 
| Build / train | 38 |  | 
| ESC pressed | 1 |  | 
| Enter build submenu | 13 |  | 
| Enter hero's abilities submenu | 3 |  | 
| Right click | 473 |  | 
| Select / deselect | 157 |  | 
| Select group hotkey | 133 |  | 
| Use ability | 59 |  | 
                912 total
 » units 
                
                | Wisp | 20 |  | 
| Huntress | 5 |  | 
| Hippogryph | 1 |  | 
                26 total
 » upgrades
                
                | Ultravision | 1 |  | 
| Nature's Blessing | 1 |  | 
| Well Spring | 1 |  | 
| Strength of the Moon | 1 |  | 
| Upgrade Moon Glaive | 1 |  | 
| Sentinel | 1 |  | 
                6 total
 » buildings
                
                | Ancient of War | 2 |  | 
| Tree of Life | 3 |  | 
| Altar of Elders | 1 |  | 
| Moon Well | 4 |  | 
| Hunter's Hall | 1 |  | 
| Tree of Ages | 1 |  | 
| Tree of Eternity | 1 |  | 
| Ancient of Wind | 1 |  | 
                14 total
 » build order
                00:36 Ancient of War
00:41 Tree of Life
00:50 Tree of Life
01:05 Altar of Elders
01:30 Moon Well
02:06 Ancient of War
02:26 Hunter's Hall
02:27 Moon Well
04:16 Moon Well
04:38 Tree of Ages
04:49 Moon Well
06:58 Tree of Eternity
07:00 Ancient of Wind
08:57 Tree of Life
 
                Chat log
          (00:45 / All) piano: ~*~Fight With Honor And Have Excellent Articulation~*~
(00:55 / All) venom_: yur mother 
(02:03 / Allies) dogsandhorse.ru: LATECRYPT
(02:15 / Allies) dogsandhorse.ru: share
(02:23 / Allies) dogsandhorse.ru: so we know when
(02:24 / Allies) dogsandhorse.ru: share
(02:25 / Allies) dogsandhorse.ru: sahre
(02:25 / Allies) dogsandhorse.ru: sahre
(02:26 / Allies) dogsandhorse.ru: share
(02:26 / Allies) dogsandhorse.ru: share
(02:27 / Allies) dogsandhorse.ru: sahre
(02:28 / Allies) dogsandhorse.ru: sahre
(02:29 / Allies) dogsandhorse.ru: saher
(02:30 / Allies) dogsandhorse.ru: share
(02:30 / Allies) dogsandhorse.ru: share
(02:31 / Allies) dogsandhorse.ru: share
(02:32 / Allies) dogsandhorse.ru: sahre
(02:33 / Allies) dogsandhorse.ru: sahare
(02:33 / Allies) dogsandhorse.ru: shaRe
(02:36 / Allies) dogsandhorse.ru: ty
(03:31 / All) Grimmjow_: yeah thats fighting wit honor
(03:43 / All) piano: Played like a piano bitch
(03:48 / All) dogsandhorse.ru: ...........DA GAMBA!!!!!!!!!!
(04:03 / All) dogsandhorse.ru: ty for the base.
(04:19 / All) venom_: ty for u mom 
(06:06 / All) dogsandhorse.ru: noob brian
(06:09 / All) dogsandhorse.ru: go to grave
(06:58 / All) dogsandhorse.ru: you got Gilderbased
(07:04 / All) dogsandhorse.ru: http://highper.ch/ for more gilderbasing replays
(07:27 / All) Grimmjow_: y is every1 on this game a fucking no life loser
(07:34 / All) piano: Manner up?
(07:38 / All) piano: For your skills is down!
(07:40 / All) dogsandhorse.ru: Angry Noob.  Learn To PLAY
(07:58 / All) venom_: I KNOW WE PLAYED LIKE 3 GAMES AND PPL DONT KNOW HOW TO PLAY NORMALLY AONLY THE GAY WAY 
(08:08 / All) Grimmjow_: hmm if i new how to play like u guys i wouldnt be shoving it in ppls faces
(08:14 / All) dogsandhorse.ru: we dont know how to play normally.....we know how to WIN
(08:16 / All) venom_: cuz its gay 
(13:53 / All) dogsandhorse.ru: LEAFVE
(13:57 / All) venom_: NO
(14:00 / All) Grimmjow_: no bitch
(14:01 / All) venom_: U LEAVE
(14:04 / All) dogsandhorse.ru: i make you leave.
(14:13 / All) venom_: I MAKE U SUCK MA BAWLZ
(14:24 / All) venom_: JUST LIKE UR MOM
(14:54 / All) dogsandhorse.ru: type Battle to begin the Battle
(14:55 / All) piano: Played like a hurdy gurdy bitch
(15:01 / All) dogsandhorse.ru: ..............DA GAMBA~!!!!!!!!!!!!!!!!